 Dungeon Crawl Stone Soup version 0.16-a0-4083-g5af668b (webtiles) character file.

53 achirane the Bolt Thrower (level 4, -2/25 HPs)
             Began as a Kobold Arcane Marksman on Feb 22, 2015.
             Slain by an adder (5 damage)
             ... on level 2 of the Dungeon.
             The game lasted 00:18:03 (2022 turns).

achirane the Bolt Thrower (Kobold Arcane Marksman)  Turns: 2022, Time: 00:18:03

Health: -2/25      AC:  3    Str:  9    XL:     4   Next: 11%
Magic:  4/5        EV: 14    Int: 11    God:
Gold:   66         SH:  0    Dex: 16    Spells: 1 memorised, 4 levels left

rFire  . . .     SeeInvis .     q - -1 dagger (curse)
rCold  . . .     Clarity  .     g - +0 leather armour
rNeg   . . .     SustAb   .     (no shield)
rPois  .         Gourm    .     (no helmet)
rElec  .         Spirit   .     (no cloak)
rCorr  .         Warding  .     (no gloves)
rMut   .         Stasis   +     (no boots)
MR     .....                    i - amulet of stasis
Stlth  +.........               (no ring)
                                m - ring of wizardry

@: lethally poisoned (-2 -> -9), not resistant to hostile enchantments, very
unstealthy
A: carnivore 3
a: no special abilities


You were on level 2 of the Dungeon.
You were full.

You visited 1 branch of the dungeon, and saw 2 of its levels.

You collected 66 gold pieces.

Inventory:

Hand weapons
 b - a +0 hand crossbow
 e - a +0 dagger
 q - a cursed -1 dagger (weapon)
 t - a +0 dagger
Missiles
 c - 44 bolts
 j - 55 stones (quivered)
 o - 11 poisoned needles
Armour
 a - a +0 robe
 g - a +0 leather armour (worn)
Jewellery
 i - an amulet of stasis (around neck)
 m - a ring of wizardry (left hand)
Potions
 k - a potion of cancellation
 l - a potion of lignification {unknown}
 p - a potion of heal wounds {unknown}
Books
 d - a book of Debilitation

   Spells                             Type                      Level
   a - Corona                         Hexes                        1
   b - Slow                           Hexes                        2
   c - Inner Flame                    Hexes/Fire                   3
   d - Enslavement                    Hexes                        4
   e - Cause Fear                     Hexes                        4
   f - Leda's Liquefaction            Hexes/Earth                  4
 n - a book of Alchemy

   Spells                             Type                      Level
   a - Sublimation of Blood           Necromancy                   2
   b - Alistair's Intoxication        Transmutation/Poison         4
   c - Condensation Shield            Ice                          4
   d - Petrify                        Transmutation/Earth          4
   e - Ignite Poison                  Fire/Transmutation           5
   f - Irradiate                      Conjuration/Transmutation    5
Comestibles
 f - a meat ration
 s - a beef jerky


   Skills:
 - Level 1.1 Fighting
 - Level 0.3 Short Blades
 + Level 4.8 Crossbows
 - Level 2.4 Dodging
 - Level 1.0 Spellcasting
 - Level 3.0 Hexes


You had 4 spell levels left.
You knew the following spells:

 Your Spells              Type           Power        Failure   Level  Hunger
a - Corona                Hex            #......      6%          1    ##.....


Dungeon Overview and Level Annotations

Branches:
Dungeon (2/15)

Altars:
Cheibriados


Innate Abilities, Weirdness & Mutations

You are small and have problems with some larger weapons.
You are carnivorous and can eat meat at any time.


Message History

The adder bites you.
You closely miss the adder.
The adder is heavily wounded.
The adder stops glowing.
The adder bites you.
* * * LOW HITPOINT WARNING * * *
You are lethally poisoned!
The adder poisons you!
You miss the adder.
The adder is heavily wounded.
* * * LOW HITPOINT WARNING * * *
You feel sick. The adder barely misses you.
Your leather armour prevents you from hitting the adder.
The adder is heavily wounded.
* * * LOW HITPOINT WARNING * * *
You feel sick. The adder closely misses you. The adder bites you.
* * * LOW HITPOINT WARNING * * *
You closely miss the adder.
The adder is heavily wounded.
The adder bites you.
You die...

...####.#.#..###........#
..........#.............#
..##.....##.............#
..##......#..........##.#
..##....#.#..........##.#
..##....#.#..........##.#
..#######.#..##########.#
.............##########.#
..########.#.#..@S.#<...#
### #...#.###.###..#
##..#.# ..#..# #..#.#
.#..# ######>..#####.#..#
.................####
###############.#


You could see an adder.

Vanquished Creatures
  A giant mite (D:1)
  2 worms (D:2)
  A giant gecko (D:2)
  An orc (D:2)
  2 ball pythons
  5 giant cockroaches (D:2)
  4 goblins
  3 hobgoblins
  5 bats
  2 giant newts
  3 kobolds (D:1)
  5 rats
34 creatures vanquished.

Notes
Turn   | Place    | Note
--------------------------------------------------------------
     0 | D:1      | achirane, the Kobold Arcane Marksman, began the quest for the Orb.
     0 | D:1      | Reached XP level 1. HP: 12/12 MP: 2/2
   157 | D:1      | Reached XP level 2. HP: 13/16 MP: 0/3
   436 | D:1      | Reached XP level 3. HP: 16/20 MP: 2/4
   747 | D:2      | Reached skill level 4 in Crossbows
  1365 | D:2      | Found a snail-covered altar of Cheibriados.
  1633 | D:2      | Reached XP level 4. HP: 8/25 MP: 3/5
  2022 | D:2      | Slain by an adder

Action                   |  1- 3 |  4- 6 || total
-------------------------+-------+-------++-------
Melee: Dagger            |   132 |    43 ||   175
 Fire: Hand crossbow     |    15 |       ||    15
Throw: Stone             |    88 |       ||    88
 Cast: Corona            |    61 |     7 ||    68
  Use: Scroll            |     4 |       ||     4
       Potion            |       |     1 ||     1
  Eat: Chunk             |    12 |       ||    12
